 Dungeon Crawl Stone Soup version 0.29-a0-222-g5b244fca1f (webtiles) character file.

Game seed: 10766142792897738874

167 croobank the Chiller (level 5, 0/41 HPs)
             Began as a Ghoul Ice Elementalist on Feb 27, 2022.
             Slain by an adder (2 damage)
             ... on level 3 of the Dungeon.
             The game lasted 00:12:12 (2497 turns).

croobank the Chiller (Ghoul Ice Elementalist)       Turns: 2497, Time: 00:12:12

Health: 0/41       AC:  3    Str: 12    XL:     5   Next: 48%
Magic:  1/7        EV: 12    Int: 12    God:
Gold:   189        SH:  0    Dex:  9    Spells: 2/9 levels left

rFire   . . .      SeeInvis .   c - +0 dagger
rCold   + . .      Faith    .   (no shield)
rNeg    + + +      Spirit   .   a - +0 robe
rPois   ∞          Reflect  .   (no helmet)
rElec   .          Harm     .   (no cloak)
rCorr   .          Rampage  .   (no gloves)
Will    .....                   d - +0 pair of boots
Stlth   ++........              (no amulet)
HPRegen 0.00/turn               (no ring)
MPRegen 0.10/turn               (no ring)

@: inhibited regen
A: claws 1, cold resistance 1, negative energy resistance 3, inhibited
regeneration, torment resistance 2
a: no special abilities


You were on level 3 of the Dungeon.
You visited 1 branch of the dungeon, and saw 3 of its levels.

You collected 189 gold pieces.

Inventory:

Hand Weapons
 b - a +0 hunting sling
 c - a +0 dagger (weapon)
 j - a +0 hand axe
 q - a +0 morningstar
 s - a +0 dagger of draining
Missiles
 k - 76 stones
 r - 2 boomerangs
Armour
 a - a +0 robe (worn)
 d - a +0 pair of boots (worn)
 e - a +0 plate armour
 f - a +0 chain mail
Wands
 t - a wand of acid (11)
Scrolls
 h - a scroll of immolation
 l - a scroll of vulnerability {unknown}
 m - 2 scrolls of teleportation
 n - a scroll of magic mapping {unknown}
 o - a scroll of enchant weapon {unknown}
 p - a scroll of acquirement {unknown}
Potions
 g - a potion of haste {unknown}
 i - 3 potions of curing
 u - a potion of mutation {unknown}


   Skills:
 + Level 1.7 Fighting
 + Level 2.7 Dodging
 + Level 3.5 Stealth
 + Level 2.6 Spellcasting
 + Level 5.1 Ice Magic


You had 2 spell levels left.
You knew the following spells:

 Your Spells              Type           Power      Damage    Failure   Level
a - Freeze                Ice            52%        1d7       3%          1
b - Frozen Ramparts       Ice            26%        1d4       10%         3
c - Ozocubu's Armour      Ice            13%        N/A       10%         3

Your spell library contained the following spells:

 Spells                   Type           Power      Damage    Failure   Level
 Hailstorm                Conj/Ice       7%         3d4       65%         4


Dungeon Overview and Level Annotations

Branches:
Dungeon (3/15)

Altars:

Annotations:
D:2 Sigmund
D:3 Grinder


Innate Abilities, Weirdness & Mutations

You thrive by killing the living.
You are immune to poison.
You have sharp fingernails.
Your flesh is cold resistant. (rC+)
You are immune to negative energy. (rN+++)
You do not regenerate when monsters are visible.
You are immune to unholy pain and torment.


Message History

Confirm with . or Enter, or press ? or * to list all spells.
Aiming: Freeze (safe; 3% risk of failure)
Press: ? - help, Shift-Dir - straight line, f/p - Grinder
Aim: Grinder, carrying a wand of digging (5)
You freeze Grinder.
Grinder resists.
Grinder is lightly wounded.
The frozen ramparts melt away.
Grinder hits you!
* * * LOW HITPOINT WARNING * * *
Casting: Freeze (safe; 3% risk of failure)
Confirm with . or Enter, or press ? or * to list all spells.
Aiming: Freeze (safe; 3% risk of failure)
Press: ? - help, Shift-Dir - straight line, f/p - Grinder
Aim: Grinder, carrying a wand of digging (5) (lightly wounded)
You freeze Grinder but do no damage.
Grinder completely resists.
Grinder blinks!
Your surroundings suddenly seem different. 2 endoplasms come into view.
Found 5 gold pieces.
The endoplasm quivers.
You hear a zap.
You hear a grinding noise.
An adder and a rat come into view.
The helpless rat fails to defend itself.
You puncture the rat!
You kill the rat!
You see here a rat corpse.
You hear a zap.
You hear a grinding noise.
The adder bites you.
* * * LOW HITPOINT WARNING * * *
Casting: Freeze (safe; 3% risk of failure)
Confirm with . or Enter, or press ? or * to list all spells.
Aiming: Freeze (safe; 3% risk of failure)
Press: ? - help, Shift-Dir - straight line, f - adder
Aim: an adder You freeze the adder.
The adder is heavily wounded.
The adder seems to slow down.
The adder closely misses you.
You closely miss the adder.
The adder is heavily wounded.
The adder bites you.
You die...

##..........
#J.####.### .#
#.J# #..# . #..#
#.# .# #..# #.#
. #..###.## .# #
#..##...##.#.#.#
#..#............
#..JJ†..@S#
#..#.....#.#
#............
#.......######
#########


You could see an adder (slow) and 2 endoplasms.

Vanquished Creatures
  An orc priest (D:3)
  Jessica (D:2)
  Natasha (D:2)
  3 adders (D:2)
  2 worms (D:2)
  A dart slug (D:3)
  2 orcs (D:3)
  5 bats
  8 endoplasms
  5 giant cockroaches
  2 hobgoblins
  3 jackals (D:1)
  A quokka (D:1)
  4 ball pythons
  2 frilled lizards (D:1)
  4 goblins
  2 kobolds
  4 rats
51 creatures vanquished.

Notes
Turn   | Place    | Note
-------+----------+-------------------------------------------
     0 | D:1      | croobank the Ghoul Ice Elementalist began the quest for the
                  | Orb.
     0 | D:1      | Reached XP level 1. HP: 14/14 MP: 2/2
   224 | D:1      | Reached XP level 2. HP: 18/20 MP: 1/3
   841 | D:1      | Found a faded altar of an unknown god.
   850 | D:1      | Reached XP level 3. HP: 26/26 MP: 3/5
   854 | D:1      | Learned a level 3 spell: Frozen Ramparts
  1581 | D:2      | Reached XP level 4. HP: 34/34 MP: 4/6
  1585 | D:2      | Learned a level 3 spell: Ozocubu's Armour
  1641 | D:2      | Reached skill level 1 in Fighting
  1818 | D:2      | Noticed Jessica
  1824 | D:2      | Killed Jessica
  1896 | D:2      | Noticed Natasha
  1908 | D:2      | Killed Natasha
  1909 | D:2      | Reached skill level 5 in Ice Magic
  1909 | D:2      | Reached XP level 5. HP: 26/40 MP: 3/7
  2052 | D:2      | Noticed Sigmund
  2384 | D:3      | Noticed an ice beast
  2465 | D:3      | Noticed Grinder
  2469 | D:3      | Paralysed by Grinder for 5 turns
  2495 | D:3      | HP: 2/41 [adder (3)]
  2497 | D:3      | Slain by an adder

Illustrated notes

Levels and vault maps discovered:
D:1:      dpeg_arrival_three_same_balls, layout_loops_cross,
          chequers_ecumenical_altar_simple_redux
D:2:      layout_loops_ring, minmay_tetromino_s4, uniq_sigmund, uniq_jessica,
          uniq_natasha
D:3:      layout_loops_ring, minmay_checkerbox, uniq_grinder

Skill      XL: |  1  2  3  4 |
---------------+-------------+-----
Dodging        | 2 |  2.7
Spellcasting   | 2 |  2.6
Stealth        | 3 |  3.5
Fighting       | 1 |  1.7
Ice Magic      | 5 |  5.1

Action                   |  1- 3 |  4- 6 || total
-------------------------+-------+-------++-------
Melee: Unarmed           |     5 |       ||     5
       Dagger            |    40 |    26 ||    66
 Cast: Freeze            |    41 |    26 ||    67
       Frozen Ramparts   |     2 |     5 ||     7
  Use: Scroll            |     4 |     1 ||     5
       Potion            |       |     1 ||     1
 Stab: Sleeping          |     3 |     3 ||     6
Armor: Robe              |    17 |    12 ||    29
Dodge: Dodged            |    48 |    22 ||    70

Table legend: (Time is in decaauts)
 A = Elapsed time spent in this place.
 B = Non-inter-level travel time spent in this place.
 C = Inter-level travel time spent in this place.
 D = Time resting spent in this place.
 E = Time spent auto-exploring this place.
 F = Levels seen in this place.
 G = Mean time per level.
                   A        B        C        D        E       F      G
               +--------+--------+--------+--------+--------+-----+--------+
         Total |   2496 |   2465 |     31 |    262 |   1510 |   3 |  832.0 |
       Dungeon |   2496 |   2465 |     31 |    262 |   1510 |   3 |  832.0 |
               +--------+--------+--------+--------+--------+-----+--------+

Top non-repeatable levels by time:
     D:1: 1304 daAuts
     D:2: 929 daAuts
     D:3: 261 daAuts
